Map: Lost and Found LE

Players

romavictoria

  • Race: Terran Terran
  • League: Diamond
  • Spawn Location: 1:00

Angelus - Winner!

  • Race: Zerg Zerg
  • League: Diamond
  • Spawn Location: 7:00

VOD

Have the link to the VOD?

Description

Time

  • Played on: June 22, 2018, 8:17 p.m.
  • Length: 15:22
Show
View Real Time Build Order
Export as new Build Order

romavictoria Terran 

Build Orders: Reaper Expand, Bio Mine 

Get SALT Encoding   

  12  0:00  SCV  
  13  0:13  SCV  
  14  0:18  Supply Depot  
  14  0:25  SCV  
  15  0:40  SCV  
  15  0:42  Barracks  
  16  0:44  Refinery  
  16  0:52  SCV  
  17  1:04  SCV  
  18  1:16  SCV  
  19  1:28  Orbital Command  
  19  1:29  Reaper  
  20  1:47  Command Center  
  21  1:54  SCV  
  21  1:59  Supply Depot  
  21  2:01  Marine  
  21  2:06  SCV  
  23  2:14  Barracks  
  23  2:21  SCV  
  24  2:28  Barracks Reactor  
  24  2:33  SCV, Factory  
  25  2:45  SCV  
  26  2:54  Refinery  
  26  2:57  SCV  
  27  3:00  Orbital Command  
  27  3:02  Marine  
  28  3:08  Marine  
  28  3:09  SCV, Marine  
  33  3:21  SCV, Marine  
  33  3:23  Starport  
  33  3:26  Marine  
  34  3:28  Widow Mine  
  34  3:30  SCV  
  34  3:33  SCV  
  38  3:36  Supply Depot  
  38  3:42  SCV  
  39  3:55  SCV x2  
  40  4:00  Supply Depot  
  40  4:01  Medivac  
  40  4:02  Widow Mine x2  
  46  4:07  SCV  
  47  4:14  SCV  
  48  4:19  Barracks Tech Lab, SCV  
  48  4:20  Barracks Reactor  
  48  4:23  Command Center  
  49  4:26  Bunker  
  49  4:27  SCV  
  49  4:28  Widow Mine  
  52  4:33  SCV  
  52  4:37  Viking  
  55  4:39  SCV  
  55  4:44  Refinery  
  57  4:45  Refinery, SCV  
  57  4:51  Widow Mine x2, SCV  
  62  4:59  Supply Depot  
  62  5:04  Stimpack  
  62  5:08  Barracks  
  62  5:09  Barracks  
  62  5:11  Barracks  
  62  5:20  Widow Mine, SCV x2  
  66  5:26  Barracks  
  66  5:29  Barracks  
  66  5:32  SCV x2  
  66  5:34  Supply Depot  
  66  5:35  Starport Reactor  
  68  5:36  Orbital Command  
  68  5:43  Marauder, Marine  
  68  5:44  SCV  
  68  5:45  SCV  
  73  5:56  SCV  
  74  6:02  SCV  
  73  6:05  Orbital Command  
  73  6:06  Marauder, Widow Mine  
  73  6:07  Widow Mine  
  73  6:08  Marine  
  73  6:09  Marine x2  
  73  6:10  Marine  
  83  6:19  Supply Depot  
  83  6:23  Supply Depot  
  83  6:27  Marauder  
  83  6:31  Barracks Tech Lab, Marine x4  
  83  6:32  Marine  
  90  6:37  SCV x3  
  93  6:49  Marauder  
  93  6:51  SCV x3  
  93  6:52  Barracks Tech Lab, Barracks Reactor  
  93  6:54  Barracks Reactor  
  98  6:59  Marine, Factory  
  98  7:00  Marine x3  
  102  7:03  SCV x2  
  102  7:04  SCV  
  102  7:07  Combat Shield  
  105  7:13  Supply Depot x2  
  105  7:14  Marine x2  
  107  7:16  Concussive Shells  
  107  7:17  Marine  
  107  7:20  SCV  
  109  7:24  Medivac  
  109  7:27  Hellion x2  
  109  7:28  SCV x2  
  117  7:36  Marauder x3, Marine  
  122  7:37  Marine x2  
  122  7:38  Marine  
  122  7:39  Marine  
  122  7:42  Medivac  
  122  7:43  Factory Tech Lab  
  129  7:46  SCV x3  
  129  7:50  Supply Depot  
  132  7:54  Supply Depot  
  132  7:56  Marine  
  133  8:04  Marine x2  
  133  8:06  SCV, Marine x5, Medivac  
  133  8:09  Marine x2  
  133  8:10  SCV  
  133  8:11  SCV  
  114  8:18  SCV  
  114  8:19  Medivac  
  112  8:20  Marine, Command Center  
  112  8:22  Marine  
  112  8:24  Marauder, Engineering Bay  
  112  8:26  Engineering Bay  
  116  8:27  Marauder, Refinery  
  116  8:28  Refinery, Supply Depot  
  118  8:36  Medivac  
  118  8:38  Bunker, SCV x3  
  123  8:43  Barracks Tech Lab  
  123  8:47  Siege Tank  
  126  8:48  Armory  
  126  8:50  SCV x2  
  126  8:51  Marauder x2  
  126  8:52  Marauder, Terran Infantry Weapons Level 1  
  126  8:54  Terran Infantry Armor Level 1  
  134  9:02  Widow Mine x2  
  138  9:05  Marauder  
  138  9:08  Medivac  
  142  9:13  Marauder x3  
  148  9:23  Widow Mine  
  153  9:25  Widow Mine  
  153  9:26  Marauder, Siege Tank  
  156  9:34  Marauder x3  
  156  9:38  Terran Vehicle Weapons Level 1  
  162  9:43  Factory  
  162  9:47  Marauder, Barracks  
  162  9:49  Supply Depot  
  162  9:50  Supply Depot  
  162  9:56  Marauder x3  
  150  10:09  Marauder  
  150  10:13  Marine  
  150  10:14  Marine x5  
  127  10:16  Siege Tank  
  127  10:17  Marauder x2, Widow Mine x2, Marine  
  142  10:30  Marine, Medivac x2  
  142  10:32  Widow Mine  
  142  10:35  Marauder  
  151  10:38  Marauder, Widow Mine  
  151  10:40  Planetary Fortress  
  151  10:41  Missile Turret  
  155  10:43  Refinery  
  155  10:44  Refinery  
  155  10:45  Marauder  
  155  10:48  Marauder  
  159  10:52  Factory  
  159  10:56  Marauder, Barracks Tech Lab  
  161  10:58  Terran Infantry Armor Level 2, Terran Infantry Weapons Level 2  
  161  11:00  Factory Tech Lab  
  161  11:04  Medivac  
  161  11:05  Medivac  
  161  11:10  Sensor Tower  
  165  11:13  Widow Mine x3, Drilling Claws  
  171  11:26  Thor  
  171  11:29  Supply Depot  
  171  11:30  Supply Depot  
  171  11:32  Supply Depot  
  177  11:33  Marauder x2  
  177  11:34  Marauder  
  181  11:49  Marauder x2, Marine  
  185  11:54  Marauder  
  148  12:02  Marauder x2, Marine  
  148  12:03  Marine x2  
  148  12:06  Marine  
  148  12:07  Marine x2  
  154  12:11  Marauder x2  
  154  12:13  Siege Tank  
  161  12:17  Command Center  
  161  12:21  Marauder  
  161  12:22  Sensor Tower  
  163  12:24  Marauder  
  165  12:33  Marauder x3  
  171  12:38  Widow Mine x3  
  171  12:43  Marauder  
  179  12:45  Terran Vehicle Weapons Level 2  
  179  12:46  Factory Tech Lab  
  179  12:48  Siege Tank  
  182  12:54  Marauder, Marine  
  182  12:55  Marauder x2, Marine  
  190  13:02  Factory Tech Lab  
  190  13:07  Marauder  
  190  13:08  Marauder  
  194  13:15  Marauder  
  194  13:16  Marauder  
  150  13:27  Widow Mine  
  150  13:28  Widow Mine x4  
  150  13:33  Marauder x3  
  166  13:36  Medivac x2  
  170  13:48  Planetary Fortress  
  170  13:49  Widow Mine  
  170  13:52  Widow Mine x2  
  170  13:53  Widow Mine x2  
  180  14:02  Sensor Tower  
  180  14:06  Medivac x2  
  180  14:08  Marauder  
  180  14:09  Marauder x3  
  192  14:10  Widow Mine  
  192  14:14  Marauder  
  196  14:30  Marauder x2  
  159  14:39  Marauder x2  
  159  14:44  Marauder  
  147  14:51  Medivac x2  
  117  14:59  Marine  
  109  15:00  Marine x9  
Show
View Real Time Build Order
Export as new Build Order

Angelus Zerg - Winner!

Build Orders: Hatch First 

Get SALT Encoding   

  12  0:01  Drone  
  13  0:13  Overlord  
  13  0:17  Drone  
  14  0:31  Drone x2  
  14  0:35  Drone  
  17  0:46  Drone  
  18  0:57  Hatchery  
  18  0:59  Drone  
  18  1:00  Extractor  
  17  1:13  Spawning Pool  
  17  1:17  Drone  
  17  1:22  Drone  
  18  1:39  Drone  
  19  1:41  Drone  
  20  1:48  Hatchery  
  20  1:50  Drone  
  20  2:00  Queen  
  22  2:04  Overlord  
  22  2:12  Zergling x4  
  24  2:20  Zergling x2  
  25  2:26  Metabolic Boost  
  25  2:33  Drone x3  
  28  2:41  Drone  
  29  2:55  Drone x3  
  32  3:00  Drone  
  32  3:05  Hatchery  
  32  3:07  Drone x2  
  34  3:21  Burrow  
  34  3:26  Zergling x4  
  34  3:27  Zergling x2  
  37  3:29  Overlord x2  
  37  3:31  Drone  
  37  3:32  Drone  
  39  3:34  Drone  
  39  3:39  Drone  
  41  3:42  Drone  
  42  3:55  Drone x3  
  43  3:56  Drone x3  
  43  3:59  Extractor  
  43  4:00  Drone  
  47  4:05  Drone  
  47  4:07  Drone  
  48  4:13  Drone  
  48  4:18  Baneling Nest  
  48  4:19  Drone x3  
  48  4:22  Drone  
  51  4:26  Lair  
  51  4:27  Queen  
  53  4:32  Overlord x2, Queen  
  53  4:33  Drone x2  
  53  4:35  Drone  
  53  4:36  Drone  
  53  4:37  Drone  
  60  4:39  Drone  
  60  4:40  Drone  
  62  4:49  Zergling x2  
  62  4:50  Zergling x6  
  66  5:03  Evolution Chamber x2  
  66  5:05  Drone x3  
  66  5:06  Drone x4  
  72  5:14  Drone  
  72  5:15  Drone  
  72  5:18  Drone x3  
  72  5:20  Drone  
  77  5:23  Extractor  
  77  5:24  Drone x2  
  78  5:29  Extractor  
  78  5:30  Zerg Melee Weapons Level 1, Zerg Ground Armor Level 1  
  78  5:31  Drone x2  
  78  5:33  Overlord x5  
  79  5:45  Extractor  
  79  5:46  Hatchery  
  77  5:52  Extractor, Hatchery  
  77  5:55  Drone  
  77  5:56  Centrifical Hooks  
  75  5:57  Drone  
  75  5:58  Drone x2  
  69  6:11  Drone x6  
  71  6:12  Drone x3  
  71  6:16  Drone  
  71  6:17  Drone  
  71  6:18  Hydralisk Den, Drone  
  81  6:21  Zergling x8  
  81  6:22  Zergling x8  
  81  6:25  Baneling x6  
  88  6:26  Baneling x2  
  87  6:38  Queen  
  87  6:52  Infestation Pit  
  78  6:58  Hydralisk x5  
  88  7:02  Drone  
  88  7:03  Drone x3  
  88  7:05  Drone x3  
  88  7:06  Drone x3  
  88  7:07  Drone  
  99  7:09  Drone  
  99  7:12  Drone  
  99  7:13  Drone  
  102  7:26  Baneling x12  
  102  7:33  Zergling x20  
  102  7:34  Zergling x6  
  114  7:37  Extractor x2  
  109  8:10  Hydralisk x8  
  109  8:11  Zergling x6  
  109  8:12  Zergling x14  
  118  8:18  Zerg Ground Armor Level 2  
  118  8:19  Zerg Missile Weapons Level 1  
  116  8:27  Muscular Augments  
  116  8:31  Drone x2  
  116  8:32  Drone  
  116  8:34  Drone x3  
  122  8:37  Extractor, Drone x3  
  122  8:38  Drone x2  
  122  8:39  Drone  
  122  8:40  Extractor  
  126  8:43  Baneling  
  126  8:44  Baneling x11  
  126  8:45  Baneling  
  126  8:46  Zergling x10  
  131  8:49  Overlord x4  
  131  9:07  Drone x2  
  131  9:08  Drone x3  
  131  9:09  Drone  
  137  9:12  Hive  
  137  9:24  Zergling x34  
  154  9:37  Baneling x6  
  154  9:38  Baneling, Grooved Spines  
  154  9:39  Baneling  
  153  10:04  Zergling x2  
  153  10:05  Zergling x20  
  153  10:06  Zergling x10  
  142  10:20  Zergling x34  
  159  10:23  Baneling x4  
  159  10:24  Baneling  
  159  10:25  Baneling  
  159  10:31  Baneling x2  
  159  10:34  Drone  
  160  10:37  Ultralisk Cavern  
  160  10:38  Zerg Ground Armor Level 3, Zerg Missile Weapons Level 2  
  160  10:42  Baneling x10  
  159  10:43  Baneling x5  
  159  10:44  Baneling  
  159  10:59  Hydralisk x2  
  159  11:02  Overlord x4  
  159  11:03  Overlord x3  
  162  11:21  Zergling x2  
  162  11:22  Hydralisk x3, Zergling x24  
  162  11:23  Hydralisk  
  162  11:24  Zergling x10  
  188  11:37  Adrenal Glands  
  188  11:38  Chitinous Plating  
  137  12:05  Ultralisk x3  
  148  12:14  Ultralisk  
  154  12:20  Zergling x14  
  161  12:29  Viper x3  
  161  12:30  Viper  
  173  12:42  Baneling x4  
  173  12:43  Baneling x2  
  173  12:44  Zergling x14  
  177  12:47  Baneling x4  
  177  12:48  Baneling x2  
  177  12:51  Baneling x4  
  180  12:57  Zergling x10  
  180  12:58  Baneling x2, Zergling x2  
  186  12:59  Zergling x2  
  158  13:28  Ultralisk  
  158  13:29  Ultralisk x2  
  158  13:33  Zergling x6  
  158  13:34  Zergling x8  
  182  13:58  Hydralisk  
  182  13:59  Zergling x4  
  182  14:00  Zergling x16  
  194  14:07  Baneling x5  
  194  14:08  Baneling  
  169  14:41  Unknown  
  169  14:42  Zergling x32  
  169  14:43  Zergling x26  
  191  14:49  Unknown  
  167  15:17  Unknown  
Tags
 
Add a new tag
Caveats
  • Supply blocks, unpowered buildings, or Contaminate may cause inaccurate times.
  • Supply counts are checked every 10 seconds.